 Dungeon Crawl Stone Soup version 0.29.0-4-gdea44cf6ec (webtiles) character file.

Game seed: 12102972848421315491

105 qw the Caller (level 4, 0/36 HPs)
             Began as a Ghoul Summoner on Sept 9, 2022.
             Slain by an ice beast (6 damage)
             ... on level 5 of the Dungeon.
             The game lasted 00:01:30 (3828 turns).

qw the Caller (Ghoul Summoner)                      Turns: 3828, Time: 00:01:30

Health: 0/36       AC:  5    Str: 13    XL:     4   Next: 81%
Magic:  5/5        EV: 10    Int: 10    God:
Gold:   39         SH:  0    Dex:  9    Spells: 5/6 levels left

rFire   . . .      SeeInvis .   j - +0 hand axe
rCold   + . .      Faith    .   (no shield)
rNeg    + + +      Spirit   .   c - +0 ring mail
rPois   inf        Reflect  .   (no helmet)
rElec   .          Harm     .   (no cloak)
rCorr   .          Rampage  .   (no gloves)
Will    .....                   (no boots)
Stlth   +.........              (no amulet)
HPRegen 0.00/turn               (no ring)
MPRegen 0.09/turn               (no ring)

@: inhibited regen
A: claws 1, cold resistance 1, negative energy resistance 3, inhibited
regeneration, torment resistance 2, devour on kill
a: no special abilities


You were on level 5 of the Dungeon.
You visited 1 branch of the dungeon, and saw 4 of its levels.

You collected 169 gold pieces.
You spent 130 gold pieces at shops.


Innate Abilities, Weirdness & Mutations

You are immune to poison.
You have sharp fingernails.
Your flesh is cold resistant. (rC+)
You are immune to negative energy. (rN+++)
You do not regenerate when monsters are visible.
You are immune to unholy pain and torment.
You thrive by killing the living.


   Skills:
 - Level 2.1 Fighting
 + Level 3.3 Axes
 - Level 1.7 Dodging
 - Level 2.1 Stealth
 - Level 1.7 Spellcasting
 - Level 3.6 Summonings


You had 5 spell levels left.
You knew the following spells:

 Your Spells              Type           Power      Damage    Failure   Level
a - Summon Small Mammal   Summ           32%        N/A       16%         1

Your spell library contained the following spells:

 Spells                   Type           Power      Damage    Failure   Level
 Call Imp                 Summ           8%         N/A       24%         2
 Call Canine Familiar     Summ           8%         N/A       43%         3
 Summon Guardian Golem    Hex/Summ       4%         N/A       71%         3
 Summon Lightning Spire   Summ/Air       4%         N/A       98%         4

Inventory:

Hand Weapons
 j - a +0 hand axe (weapon)
Armour
 c - a +0 ring mail (worn)
 g - a +0 scale mail
 q - a scarf of invisibility
Jewellery
 o - an amulet of magic regeneration
Scrolls
 e - 2 scrolls of butterflies {unknown}
 m - 2 scrolls of identify {unknown}
 p - a scroll of fear {unknown}
Potions
 a - 2 potions of curing
 b - a potion of degeneration {unknown}
 d - a potion of attraction {unknown}
 f - a potion of heal wounds {unknown}
 h - a potion of cancellation {unknown}
 i - a potion of haste {unknown}
 k - a potion of resistance
 l - a potion of mutation {unknown}
 n - a potion of brilliance {unknown}

Dungeon Overview and Level Annotations

Branches:
Dungeon (5/15)
 Temple: D:4-7

Altars:

Shops:
D:3 !


Message History

The ice beast is lightly wounded.
Your rat bites the ice beast.
The ice beast barely misses you.
You hit the ice beast but do no damage.
The ice beast is lightly wounded.
Your rat bites the ice beast but does no damage.
The ice beast barely misses you.
You barely miss the ice beast.
The ice beast is lightly wounded.
Your rat bites the ice beast but does no damage.
The ice beast hits you but does no damage.
Your rat bites the ice beast but does no damage.
You barely miss the ice beast.
The ice beast is lightly wounded.
The ice beast barely misses you.
Your rat closely misses the ice beast.
The ice beast hits you but does no damage.
You hit the ice beast.
The ice beast is lightly wounded.
Your rat bites the ice beast.
The ice beast hits you but does no damage.
You closely miss the ice beast.
The ice beast is lightly wounded.
Your rat bites the ice beast.
The ice beast hits you but does no damage.
You barely miss the ice beast.
The ice beast is lightly wounded.
Your rat bites the ice beast but does no damage.
The ice beast barely misses you.
You closely miss the ice beast.
The ice beast is lightly wounded.
Your rat bites the ice beast but does no damage.
The ice beast hits you but does no damage.
You hit the ice beast.
The ice beast is moderately wounded.
Your rat bites the ice beast but does no damage.
The ice beast hits you but does no damage.
Your rat barely misses the ice beast.
You closely miss the ice beast.
The ice beast is moderately wounded.
The ice beast hits you. The ice beast freezes you. You resist.
You die...

....### #.....#
###...###.....#
###.........#
#........## .Y
#........#### .# .
##..........## ..#.#
#.......##..###.....
#.......###.#...:...
#.......# #@#.......
#.......# #Y#.......
#.......# #r...Y#
######### ###...[...
<..#>.. ...# # ####


You could see an ice beast (ally target) and a friendly rat (summoned).

Vanquished Creatures
  A hound (D:5)
  An adder (D:2)
  A worm (D:2)
  An orc (D:3)
  3 ball pythons (D:1)
  7 bats
  2 giant cockroaches
  3 goblins (D:1)
  5 hobgoblins
  2 kobolds
  3 quokkas
  3 frilled lizards
  4 rats
36 creatures vanquished.

Vanquished Creatures (collateral kills)
  A dart slug (D:1)
  A bat (D:3)
  4 endoplasms
  2 goblins (D:1)
  2 kobolds (D:2)
  A quokka (D:2)
  3 ball pythons (D:1)
  2 frilled lizards
  4 rats
20 creatures vanquished.

Grand Total: 56 creatures vanquished

Notes
Turn   | Place    | Note
-------+----------+-------------------------------------------
     0 | D:1      | qw the Ghoul Summoner began the quest for the Orb.
     0 | D:1      | Reached XP level 1. HP: 14/14 MP: 2/2
     0 | D:1      | 0 ||| qw: Version: 0.1-a-113-g051387a
     0 | D:1      | 0 ||| qw: Game counter: 7279
     0 | D:1      | 0 ||| qw: Always use a shield: true
     0 | D:1      | 0 ||| qw: God list: Okawaru
     0 | D:1      | 0 ||| qw: Allow faded altars: false
     0 | D:1      | 0 ||| qw: Do Orc after D:15 true
     0 | D:1      | 0 ||| qw: Do second Lair branch before Depths: true
     0 | D:1      | 0 ||| qw: Lair rune preference: random
     0 | D:1      | 0 ||| qw: Plans: Normal
     0 | D:1      | 0 ||| PLANNING D:1-11
    31 | D:1      | 31 ||| CASTING Summon Small Mammal
    32 | D:1      | 32 ||| CASTING Summon Small Mammal
    64 | D:1      | 64 ||| CASTING Summon Small Mammal
    65 | D:1      | 65 ||| CASTING Summon Small Mammal
    73 | D:1      | Reached skill level 1 in Axes
    76 | D:1      | Reached XP level 2. HP: 19/22 MP: 0/3
   120 | D:1      | 120 ||| CASTING Summon Small Mammal
   121 | D:1      | 121 ||| CASTING Summon Small Mammal
   122 | D:1      | 122 ||| CASTING Summon Small Mammal
   129 | D:1      | Reached skill level 1 in Fighting
   158 | D:1      | 158 ||| Wielding weapon +0 spear.
   177 | D:1      | 177 ||| CASTING Summon Small Mammal
   178 | D:1      | 178 ||| CASTING Summon Small Mammal
   179 | D:1      | 179 ||| CASTING Summon Small Mammal
   217 | D:1      | 217 ||| CASTING Summon Small Mammal
   218 | D:1      | 218 ||| CASTING Summon Small Mammal
   219 | D:1      | 219 ||| CASTING Summon Small Mammal
   271 | D:1      | 271 ||| CASTING Summon Small Mammal
   272 | D:1      | 272 ||| CASTING Summon Small Mammal
   273 | D:1      | 273 ||| CASTING Summon Small Mammal
   339 | D:1      | 339 ||| CASTING Summon Small Mammal
   340 | D:1      | 340 ||| CASTING Summon Small Mammal
   341 | D:1      | 341 ||| CASTING Summon Small Mammal
   426 | D:1      | 426 ||| CASTING Summon Small Mammal
   427 | D:1      | 427 ||| CASTING Summon Small Mammal
   428 | D:1      | 428 ||| CASTING Summon Small Mammal
   464 | D:1      | 464 ||| CASTING Summon Small Mammal
   465 | D:1      | 465 ||| CASTING Summon Small Mammal
   466 | D:1      | 466 ||| CASTING Summon Small Mammal
   583 | D:1      | 583 ||| CASTING Summon Small Mammal
   584 | D:1      | 584 ||| CASTING Summon Small Mammal
   585 | D:1      | 585 ||| CASTING Summon Small Mammal
   641 | D:1      | 641 ||| CASTING Summon Small Mammal
   642 | D:1      | 642 ||| CASTING Summon Small Mammal
   643 | D:1      | 643 ||| CASTING Summon Small Mammal
   740 | D:1      | 740 ||| CASTING Summon Small Mammal
   741 | D:1      | 741 ||| CASTING Summon Small Mammal
   742 | D:1      | 742 ||| CASTING Summon Small Mammal
   747 | D:1      | Reached XP level 3. HP: 28/28 MP: 0/4
   817 | D:1      | 817 ||| CASTING Summon Small Mammal
   818 | D:1      | 818 ||| CASTING Summon Small Mammal
   819 | D:1      | 819 ||| CASTING Summon Small Mammal
   820 | D:1      | 820 ||| CASTING Summon Small Mammal
   918 | D:1      | 918 ||| CASTING Summon Small Mammal
   919 | D:1      | 919 ||| CASTING Summon Small Mammal
   920 | D:1      | 920 ||| CASTING Summon Small Mammal
   989 | D:1      | 989 ||| CASTING Summon Small Mammal
   990 | D:1      | 990 ||| CASTING Summon Small Mammal
   991 | D:1      | 991 ||| CASTING Summon Small Mammal
   992 | D:1      | 992 ||| CASTING Summon Small Mammal
  1057 | D:1      | 1057 ||| CASTING Summon Small Mammal
  1058 | D:1      | 1058 ||| CASTING Summon Small Mammal
  1059 | D:1      | 1059 ||| CASTING Summon Small Mammal
  1060 | D:1      | 1060 ||| CASTING Summon Small Mammal
  1107 | D:1      | 1107 ||| CASTING Summon Small Mammal
  1108 | D:1      | 1108 ||| CASTING Summon Small Mammal
  1109 | D:1      | 1109 ||| CASTING Summon Small Mammal
  1110 | D:1      | 1110 ||| CASTING Summon Small Mammal
  1192 | D:1      | 1192 ||| CASTING Summon Small Mammal
  1193 | D:1      | 1193 ||| CASTING Summon Small Mammal
  1194 | D:1      | 1194 ||| CASTING Summon Small Mammal
  1195 | D:1      | 1195 ||| CASTING Summon Small Mammal
  1409 | D:1      | 1409 ||| SWAPPING to +0 trident.
  1410 | D:1      | 1410 ||| CASTING Summon Small Mammal
  1411 | D:1      | 1411 ||| CASTING Summon Small Mammal
  1412 | D:1      | 1412 ||| CASTING Summon Small Mammal
  1413 | D:1      | 1413 ||| CASTING Summon Small Mammal
  1454 | D:1      | 1454 ||| DROPPING +0 spear.
  1457 | D:1      | 1457 ||| CASTING Summon Small Mammal
  1458 | D:1      | 1458 ||| CASTING Summon Small Mammal
  1459 | D:1      | 1459 ||| CASTING Summon Small Mammal
  1460 | D:1      | 1460 ||| CASTING Summon Small Mammal
  1525 | D:1      | 1525 ||| CASTING Summon Small Mammal
  1526 | D:1      | 1526 ||| CASTING Summon Small Mammal
  1527 | D:1      | 1527 ||| CASTING Summon Small Mammal
  1528 | D:1      | 1528 ||| CASTING Summon Small Mammal
  1535 | D:1      | 1535 ||| CASTING Summon Small Mammal
  1623 | D:1      | 1623 ||| CASTING Summon Small Mammal
  1624 | D:1      | 1624 ||| CASTING Summon Small Mammal
  1625 | D:1      | 1625 ||| CASTING Summon Small Mammal
  1626 | D:1      | 1626 ||| CASTING Summon Small Mammal
  1633 | D:1      | 1633 ||| CASTING Summon Small Mammal
  1729 | D:1      | 1729 ||| DROPPING scarf of invisibility.
  1730 | D:1      | 1730 ||| UPGRADING to +0 leather armour.
  1740 | D:1      | 1740 ||| DROPPING +0 robe.
  1741 | D:1      | 1741 ||| READING scroll labelled LICETIREIP.
  1742 | D:1      | 1742 ||| DROPPING potion of magic.
  1769 | D:2      | 1769 ||| CASTING Summon Small Mammal
  1770 | D:2      | 1770 ||| CASTING Summon Small Mammal
  1771 | D:2      | 1771 ||| CASTING Summon Small Mammal
  1772 | D:2      | 1772 ||| CASTING Summon Small Mammal
  1830 | D:2      | 1830 ||| CASTING Summon Small Mammal
  1831 | D:2      | 1831 ||| CASTING Summon Small Mammal
  1832 | D:2      | 1832 ||| CASTING Summon Small Mammal
  1833 | D:2      | 1833 ||| CASTING Summon Small Mammal
  1841 | D:2      | 1841 ||| Stepping ~*~*~tactically~*~*~ (reaching).
  1842 | D:2      | 1842 ||| CASTING Summon Small Mammal
  1844 | D:2      | 1844 ||| Stepping ~*~*~tactically~*~*~ (reaching).
  1850 | D:2      | 1850 ||| CASTING Summon Small Mammal
  1851 | D:2      | 1851 ||| Stepping ~*~*~tactically~*~*~ (reaching).
  1856 | D:2      | 1856 ||| Stepping ~*~*~tactically~*~*~ (reaching).
  1860 | D:2      | 1860 ||| CASTING Summon Small Mammal
  1865 | D:2      | 1865 ||| Stepping ~*~*~tactically~*~*~ (reaching).
  1869 | D:2      | 1869 ||| Stepping ~*~*~tactically~*~*~ (reaching).
  1870 | D:2      | 1870 ||| CASTING Summon Small Mammal
  1871 | D:2      | 1871 ||| Stepping ~*~*~tactically~*~*~ (reaching).
  1874 | D:2      | 1874 ||| Stepping ~*~*~tactically~*~*~ (reaching).
  1875 | D:2      | 1875 ||| Stepping ~*~*~tactically~*~*~ (reaching).
  1877 | D:2      | 1877 ||| Stepping ~*~*~tactically~*~*~ (reaching).
  1878 | D:2      | 1878 ||| Stepping ~*~*~tactically~*~*~ (reaching).
  1880 | D:2      | 1880 ||| Stepping ~*~*~tactically~*~*~ (reaching).
  1881 | D:2      | 1881 ||| Stepping ~*~*~tactically~*~*~ (reaching).
  1882 | D:2      | 1882 ||| CASTING Summon Small Mammal
  1885 | D:2      | 1885 ||| Stepping ~*~*~tactically~*~*~ (reaching).
  1886 | D:2      | 1886 ||| Stepping ~*~*~tactically~*~*~ (reaching).
  1888 | D:2      | 1888 ||| Stepping ~*~*~tactically~*~*~ (reaching).
  1889 | D:2      | 1889 ||| Stepping ~*~*~tactically~*~*~ (reaching).
  1890 | D:2      | 1890 ||| CASTING Summon Small Mammal
  1891 | D:2      | 1891 ||| Stepping ~*~*~tactically~*~*~ (reaching).
  1892 | D:2      | 1892 ||| Stepping ~*~*~tactically~*~*~ (reaching).
  1895 | D:2      | 1895 ||| Stepping ~*~*~tactically~*~*~ (reaching).
  1897 | D:2      | 1897 ||| Stepping ~*~*~tactically~*~*~ (reaching).
  1898 | D:2      | 1898 ||| Stepping ~*~*~tactically~*~*~ (reaching).
  1900 | D:2      | 1900 ||| Stepping ~*~*~tactically~*~*~ (reaching).
  1901 | D:2      | 1901 ||| CASTING Summon Small Mammal
  1903 | D:2      | 1903 ||| Stepping ~*~*~tactically~*~*~ (reaching).
  1905 | D:2      | 1905 ||| Stepping ~*~*~tactically~*~*~ (reaching).
  1906 | D:2      | 1906 ||| Stepping ~*~*~tactically~*~*~ (reaching).
  1908 | D:2      | 1908 ||| Stepping ~*~*~tactically~*~*~ (reaching).
  1909 | D:2      | 1909 ||| Stepping ~*~*~tactically~*~*~ (reaching).
  1911 | D:2      | 1911 ||| Stepping ~*~*~tactically~*~*~ (reaching).
  1912 | D:2      | 1912 ||| CASTING Summon Small Mammal
  1915 | D:2      | 1915 ||| Stepping ~*~*~tactically~*~*~ (reaching).
  1917 | D:2      | 1917 ||| Stepping ~*~*~tactically~*~*~ (reaching).
  1919 | D:2      | 1919 ||| Stepping ~*~*~tactically~*~*~ (reaching).
  1920 | D:2      | 1920 ||| Stepping ~*~*~tactically~*~*~ (reaching).
  1921 | D:2      | 1921 ||| CASTING Summon Small Mammal
  1922 | D:2      | 1922 ||| Stepping ~*~*~tactically~*~*~ (reaching).
  1988 | D:2      | 1988 ||| CASTING Summon Small Mammal
  1989 | D:2      | 1989 ||| CASTING Summon Small Mammal
  1990 | D:2      | 1990 ||| CASTING Summon Small Mammal
  1991 | D:2      | 1991 ||| CASTING Summon Small Mammal
  1998 | D:2      | 1998 ||| CASTING Summon Small Mammal
  2139 | D:2      | 2139 ||| Stepping ~*~*~tactically~*~*~ (stealth).
  2140 | D:2      | 2140 ||| CASTING Summon Small Mammal
  2142 | D:2      | 2142 ||| CASTING Summon Small Mammal
  2143 | D:2      | 2143 ||| CASTING Summon Small Mammal
  2144 | D:2      | 2144 ||| CASTING Summon Small Mammal
  2216 | D:2      | 2216 ||| CASTING Summon Small Mammal
  2217 | D:2      | 2217 ||| CASTING Summon Small Mammal
  2218 | D:2      | 2218 ||| CASTING Summon Small Mammal
  2314 | D:2      | 2314 ||| CASTING Summon Small Mammal
  2315 | D:2      | 2315 ||| CASTING Summon Small Mammal
  2316 | D:2      | 2316 ||| CASTING Summon Small Mammal
  2317 | D:2      | 2317 ||| CASTING Summon Small Mammal
  2324 | D:2      | 2324 ||| CASTING Summon Small Mammal
  2483 | D:2      | 2483 ||| CASTING Summon Small Mammal
  2484 | D:2      | 2484 ||| CASTING Summon Small Mammal
  2485 | D:2      | 2485 ||| CASTING Summon Small Mammal
  2486 | D:2      | 2486 ||| CASTING Summon Small Mammal
  2494 | D:2      | 2494 ||| CASTING Summon Small Mammal
  2558 | D:2      | 2558 ||| Stepping ~*~*~tactically~*~*~ (stealth).
  2559 | D:2      | 2559 ||| CASTING Summon Small Mammal
  2560 | D:2      | 2560 ||| CASTING Summon Small Mammal
  2561 | D:2      | 2561 ||| CASTING Summon Small Mammal
  2685 | D:2      | 2685 ||| CASTING Summon Small Mammal
  2686 | D:2      | 2686 ||| CASTING Summon Small Mammal
  2687 | D:2      | 2687 ||| CASTING Summon Small Mammal
  2688 | D:2      | 2688 ||| CASTING Summon Small Mammal
  2766 | D:2      | 2766 ||| CASTING Summon Small Mammal
  2767 | D:2      | 2767 ||| CASTING Summon Small Mammal
  2768 | D:2      | 2768 ||| CASTING Summon Small Mammal
  2769 | D:2      | 2769 ||| CASTING Summon Small Mammal
  2777 | D:2      | 2777 ||| CASTING Summon Small Mammal
  2781 | D:2      | Reached XP level 4. HP: 32/36 MP: 0/5
  2786 | D:2      | 2786 ||| CASTING Summon Small Mammal
  2898 | D:2      | 2898 ||| CASTING Summon Small Mammal
  2899 | D:2      | 2899 ||| CASTING Summon Small Mammal
  2900 | D:2      | 2900 ||| CASTING Summon Small Mammal
  2901 | D:2      | 2901 ||| CASTING Summon Small Mammal
  2902 | D:2      | 2902 ||| CASTING Summon Small Mammal
  2976 | D:2      | 2976 ||| CASTING Summon Small Mammal
  2977 | D:2      | 2977 ||| CASTING Summon Small Mammal
  2978 | D:2      | 2978 ||| CASTING Summon Small Mammal
  2979 | D:2      | 2979 ||| CASTING Summon Small Mammal
  2980 | D:2      | 2980 ||| CASTING Summon Small Mammal
  3083 | D:2      | 3083 ||| UPGRADING to +0 ring mail.
  3093 | D:2      | 3093 ||| DROPPING +0 leather armour.
  3094 | D:2      | 3094 ||| READING scroll labelled ULEGRAVODU.
  3095 | D:2      | 3095 ||| DRINKING 2 pink potions.
  3221 | D:3      | Found Rihes's Distillery.
  3227 | D:3      | 3227 ||| Stepping ~*~*~tactically~*~*~ (stealth).
  3228 | D:3      | 3228 ||| Stepping ~*~*~tactically~*~*~ (stealth).
  3229 | D:3      | 3229 ||| Stepping ~*~*~tactically~*~*~ (stealth).
  3230 | D:3      | 3230 ||| Stepping ~*~*~tactically~*~*~ (stealth).
  3232 | D:3      | 3232 ||| CASTING Summon Small Mammal
  3233 | D:3      | 3233 ||| CASTING Summon Small Mammal
  3234 | D:3      | 3234 ||| CASTING Summon Small Mammal
  3235 | D:3      | 3235 ||| CASTING Summon Small Mammal
  3236 | D:3      | 3236 ||| CASTING Summon Small Mammal
  3289 | D:3      | 3289 ||| SWAPPING to +0 hand axe.
  3290 | D:3      | 3290 ||| DROPPING +0 trident.
  3292 | D:3      | 3292 ||| BUYING potion of curing (30 gold).
  3292 | D:3      | Bought a potion of curing for 30 gold pieces
  3292 | D:3      | 3292 ||| BUYING potion of resistance (100 gold).
  3292 | D:3      | Bought a potion of resistance for 100 gold pieces
  3346 | D:3      | 3346 ||| Stepping ~*~*~tactically~*~*~ (stealth).
  3347 | D:3      | 3347 ||| CASTING Summon Small Mammal
  3349 | D:3      | 3349 ||| CASTING Summon Small Mammal
  3350 | D:3      | 3350 ||| CASTING Summon Small Mammal
  3351 | D:3      | 3351 ||| CASTING Summon Small Mammal
  3352 | D:3      | 3352 ||| CASTING Summon Small Mammal
  3359 | D:3      | 3359 ||| CASTING Summon Small Mammal
  3458 | D:3      | 3458 ||| CASTING Summon Small Mammal
  3459 | D:3      | 3459 ||| CASTING Summon Small Mammal
  3460 | D:3      | 3460 ||| CASTING Summon Small Mammal
  3461 | D:3      | 3461 ||| CASTING Summon Small Mammal
  3462 | D:3      | 3462 ||| CASTING Summon Small Mammal
  3663 | D:3      | 3663 ||| CASTING Summon Small Mammal
  3664 | D:3      | 3664 ||| CASTING Summon Small Mammal
  3665 | D:3      | 3665 ||| CASTING Summon Small Mammal
  3666 | D:3      | 3666 ||| CASTING Summon Small Mammal
  3737 | D:3      | You fall into a shaft and drop 2 floors!
  3737 | D:5      | Entered Level 5 of the Dungeon
  3777 | D:5      | 3777 ||| CASTING Summon Small Mammal
  3786 | D:5      | Noticed an ice beast
  3787 | D:5      | 3787 ||| Stepping ~*~*~tactically~*~*~ (stealth).
  3791 | D:5      | HP: 8/36 [hound (5)]
  3796 | D:5      | Reached skill level 3 in Axes
  3796 | D:5      | 3796 ||| Stepping ~*~*~tactically~*~*~ (stealth).
  3815 | D:5      | 3815 ||| CASTING Summon Small Mammal
  3816 | D:5      | HP: 8/36 [ice beast (3)]
  3828 | D:5      | HP: 6/36 [ice beast (2)]
  3828 | D:5      | Slain by an ice beast

Levels and vault maps discovered:
D:1:      saegor_arrival_simple_d, layout_basic
D:2:      layout_loops_ring, grunt_ministairs_10
D:3:      layout_loops_cross, serial_shops, shop
D:5:      layout_basic, lemuel_coloured_pillars_altar,
          chequers_serial_rivers_micro_c, kennysheep_generic_room_15, uniq_ijyb,
          uniq_grinder

Skill      XL: |  1  2  3  4 |
---------------+-------------+-----
Axes           | 1 2 3 |  3.3
Fighting       | 1 2 |  2.1
Dodging        | |  1.7
Stealth        | |  2.1
Spellcasting   | |  1.7
Summonings     | |  3.6

Action                   |  1- 3 |  4- 6 || total
-------------------------+-------+-------++-------
Melee: Unarmed           |    14 |       ||    14
       Spear             |    32 |       ||    32
       Trident           |    82 |    10 ||    92
       Hand axe          |       |    42 ||    42
       Punch             |       |     1 ||     1
 Cast: Summon Small Mamm |   115 |    26 ||   141
  Use: Scroll            |     1 |     1 ||     2
       Potion            |       |     1 ||     1
 Stab: Distracted        |     2 |       ||     2
Armor: Robe              |    10 |       ||    10
       Leather armour    |    10 |     2 ||    12
       Ring mail         |       |    24 ||    24
Dodge: Dodged            |    48 |    23 ||    71

Table legend:
 A = Non-vault XP
 B = Vault XP
 C = Vault XP percentage of total XP
 D = Non-vault monster count
 E = Vault monster count
 F = Vault count percentage of total count
                 A         B        C        D         E       F
            +---------+---------+-------+---------+---------+-------
      Total |     135 |      15 |  10.0 |      54 |       2 |   3.6
            +---------+---------+-------+---------+---------+-------
        D:1 |      53 |       0 |   0.0 |      33 |       0 |   0.0
        D:2 |      25 |      15 |  37.5 |      14 |       2 |  12.5
        D:3 |      11 |       0 |   0.0 |       6 |       0 |   0.0
        D:5 |      46 |       0 |   0.0 |       1 |       0 |   0.0
            +---------+---------+-------+---------+---------+-------
